AoeStats
← TheWakaEmu117

Arabia

510000503Analyzed
1v1 RM · 3d ago on Sep 29, 2026· 36m 24s· 2 players
Game mode
Random Map
Map size
Tiny (2 player)
Population
200
Speed
Normal
Resources
Standard
Victory
Conquest
Starting age
Dark Age
Ending age
Imperial Age
RankedLock teamsTeams togetherTeam positionsShared explorationLock speedFull tech treeHidden civsTurbo modeCheats
Victory
Defeat
🇨🇱 Britons · Chile
797
+19
🇺🇸 Mongols · United States
862
-49
bauzapo
1:17 Loom
12:23 Feudal Age
12:25 Man-at-Arms
17:23 Horse Collar
18:28 Double-Bit Axe
19:28 Wheelbarrow
22:57 Castle Age
23:17 Crossbowman
24:39 Heavy Plow
26:43 Gold Mining
30:57 Fletching
31:07 Padded Archer Armor
31:53 Bodkin Arrow
33:08 Leather Archer Armor
33:24 Ballistics
TheWakaEmu117
0:40 Loom
10:12 Feudal Age
12:07 Double-Bit Axe
14:42 Bloodlines
18:19 Wheelbarrow
18:45 Forging
19:21 Fletching
19:56 Gold Mining
20:22 Town Watch
21:46 Horse Collar
22:39 Scale Barding Armor
25:30 Castle Age
26:11 Pikeman
26:45 Light Cavalry
29:44 Husbandry
29:52 Thumb Ring
29:56 Scale Barding Armor
30:37 Scale Mail Armor
Connection lost

Rejoining the realm…

Still unreachable

The connection could not be restored.

Session expired

The server has moved on; the page needs a fresh start.